 Dungeon Crawl Stone Soup version 0.31-a0-145-g046c7d2549 (webtiles) character file.

Game seed: 14599628791402851884

49 nicolae the Covered (level 3, -2/32 HPs)
             Began as an Armataur Fighter on June 7, 2023.
             Slain by a gnoll
             ... wielding a +2 heavy spear
              (4 damage)
             ... on level 2 of the Dungeon.
             The game lasted 00:03:01 (695 turns).

nicolae the Covered (Armataur Fighter)               Turns: 695, Time: 00:03:02

Health: -2/32      AC:  6    Str: 23    XL:     3   Next: 53%
Magic:  3/3        EV:  7    Int:  8    God:
Gold:   0          SH:  4    Dex:  9    Spells: 2/2 levels left

rFire   . . .        a - +0 flail
rCold   . . .        c - +0 buckler
rNeg    . . .        b - +0 scale mail
rPois   .            (no helmet)
rElec   .            (no cloak)
rCorr   .            (no gloves)
SInv    .            (no barding)
Will    .....        (no amulet) Stlth
                     (no ring)
HPRegen 0.25/turn    (no ring)
MPRegen 0.08/turn

%: roll
@: mighty
A: large, rugged brown scales 3, deformed body, armoured tail, roll, long
tongue, awkward tongue
a: no special abilities


You were on level 2 of the Dungeon.
You visited 1 branch of the dungeon, and saw 2 of its levels.

Inventory:

Hand Weapons
 a - a +0 flail (weapon)
Missiles
 g - 3 poisoned darts (quivered)
Armour
 b - a +0 scale mail (worn)
 c - a +0 buckler (worn)
Scrolls
 h - a scroll of enchant weapon {unknown}
Potions
 e - 2 potions of haste {unknown}
 f - a potion of heal wounds {unknown}


   Skills:
 - Level 2.6 Fighting
 + Level 3.4 Maces & Flails
 - Level 3.6 Armour
 + Level 3.5 Shields


You had 2 spell levels left.
You didn't know any spells.
Your spell library was empty.

Dungeon Overview and Level Annotations

Branches:
Dungeon (2/15)

Altars:


Innate Abilities, Weirdness & Mutations

You are completely covered in rugged brown scales. (AC +3, +7% HP)
Armour fits poorly on your strangely shaped body.
You have a long armoured tail.
You roll when moving toward enemies. (Rampage)
Your long tongue fully drains potion bottles. (2x potion effects)
Your tongue gives you trouble enunciating. (1.5x scroll delay)


Message History

The bat closely misses you. The bat hits you but does no damage.
The gnoll barely misses you. The bat hits you but does no damage.
You block the worm's attack.
You see here a rat corpse.
The bat barely misses you. The bat attacks as you move away!
The bat completely misses you. The bat hits you but does no damage.
The bat closely misses you. You block the bat's attack.
The bat barely misses you.
There is a stone staircase leading up here.
You hit the bat.
The bat is moderately wounded.
The bat hits you but does no damage. You block the gnoll's attack.
The bat completely misses you.
You miss the bat.
Your tail-slap misses the bat.
The bat is moderately wounded.
The bat hits you but does no damage. The gnoll barely misses you.
You miss the bat.
Your tail-slap misses the bat.
The bat closely misses you. You block the gnoll's attack.
The gnoll hits you from afar with a +2 heavy spear!
The bat barely misses you. The gnoll barely misses you.
You closely miss the bat. The bat hits you but does no damage.
You block the bat's attack.
The gnoll hits you from afar with a +2 heavy spear!
* * * LOW HITPOINT WARNING * * *
The gnoll barely misses you. The bat hits you but does no damage.
You are too injured to fight recklessly!
You are too injured to fight recklessly!
You are too injured to fight recklessly!
Found a stone staircase leading down.
The bat hits you but does no damage.
You feel very mighty all of a sudden.
You slurp down every last drop of the potion of might!
The bat hits you but does no damage. The gnoll closely misses you.
You bludgeon the bat!!
You kill the bat!
The gnoll hits you from afar with a +0 spear!
* * * LOW HITPOINT WARNING * * *
You roll towards the gnoll!
You bludgeon the gnoll!!
You kill the gnoll!
The gnoll hits you from afar with a +2 heavy spear.
You die...

#... #>.. .#
#.... .# #....
.. ....# .# ...
.# #.####.#
#..@..g......##
..........#!.#


You could see a worm and 2 gnolls.

Vanquished Creatures
  2 gnolls (D:2)
  A dart slug (D:1)
  3 ball pythons (D:1)
  4 bats
  2 endoplasms (D:1)
  A giant cockroach (D:1)
  A goblin (D:1)
  3 hobgoblins (D:1)
  5 jackals (D:1)
  3 quokkas (D:1)
  A frilled lizard (D:1)
  3 kobolds (D:1)
  6 rats
35 creatures vanquished.

Notes
Turn   | Place    | Note
-------+----------+-------------------------------------------
     0 | D:1      | nicolae the Armataur Fighter began the quest for the Orb.
     0 | D:1      | Reached XP level 1. HP: 19/19 MP: 1/1
    97 | D:1      | Found a faded altar of an unknown god.
   118 | D:1      | Reached XP level 2. HP: 26/26 MP: 2/2
   407 | D:1      | Reached XP level 3. HP: 26/32 MP: 3/3
   695 | D:2      | Slain by a gnoll

Illustrated notes

Levels and vault maps discovered:
D:1:      dpeg_arrival_shelter, layout_loops_ring,
          nicolae_ecumenical_snake_handling, minmay_misc_feat_plants,
          minmay_domino_4
D:2:      layout_rooms

Skill      XL: |  1  2 |
---------------+-------+-----
Maces & Flails | 2 3 |  3.4
Fighting       | |  2.6
Armour         | |  3.6
Shields        | |  3.5

Action                     || total
---------------------------++-------
  Melee: Flail             ||    88
         Tailslap          ||     6
    Use: Potion            ||     1
 Armour: Scale mail        ||    50
  Dodge: Dodged            ||    42
  Block: Buckler           ||    26

Table legend: (Time is in decaauts)
 A = Elapsed time spent in this place.
 B = Non-inter-level travel time spent in this place.
 C = Inter-level travel time spent in this place.
 D = Time resting spent in this place.
 E = Time spent auto-exploring this place.
 F = Levels seen in this place.
 G = Mean time per level.
                   A        B        C        D        E       F      G
               +--------+--------+--------+--------+--------+-----+--------+
         Total |    718 |    706 |     12 |      0 |    504 |   2 |  359.0 |
       Dungeon |    718 |    706 |     12 |      0 |    504 |   2 |  359.0 |
               +--------+--------+--------+--------+--------+-----+--------+

Top non-repeatable levels by time:
     D:1: 692 daAuts
     D:2: 26 daAuts
